 Dungeon Crawl Stone Soup version 0.28.0-47-ge53b351184 (webtiles) character file.

Game seed: 12368974913829132911

4593 Icepheonix32 the Frost Mage (level 10, -1/74 HPs)
             Began as a Demonspawn Ice Elementalist on Apr 29, 2022.
             Was an Initiate of Hepliaklqana.
             Incinerated by a deep elf pyromancer (3 damage)
             ... with a sticky flame
             ... on level 8 of the Dungeon.
             The game lasted 00:22:40 (10395 turns).

Icepheonix32 the Frost Mage (DsIE)                 Turns: 10395, Time: 00:22:42

Health: -1/74      AC:  7    Str: 12    XL:     10   Next: 18%
Magic:  14/17      EV: 15    Int: 23    God:    Hepliaklqana [......]
Gold:   448        SH:  0    Dex: 24    Spells: 7/19 levels left

rFire   . . .      SeeInvis .   m - +8 mace "Ycheubyby" {vorpal, rElec rC++ Int+4 Dex+4}
rCold   + + .      Faith    .   (no shield)
rNeg    . . .      Spirit   .   a - +0 robe
rPois   +          Reflect  .   (helmet restricted)
rElec   +          Harm     .   (no cloak)
rCorr   +          Rampage  .   d - +0 pair of gloves
Will    .....      Rage     1%  (no boots)
Stlth   +.........              (no amulet)
HPRegen 0.22/turn               r - +6 ring of dexterity
MPRegen 0.15/turn               n - ring of resist corrosion

@: on fire, freezing walls, glowing
A: slimy green scales 3, demonic guardian 1, icemail 1, condensation shield,
weakness stinger 1, horns 1, berserk 1, screaming 1, strong 1
a: Renounce Religion


You were on level 8 of the Dungeon.
You worshipped Hepliaklqana.
Hepliaklqana was noncommittal.
You visited 2 branches of the dungeon, and saw 9 of its levels.

You collected 448 gold pieces.

Inventory:

Hand Weapons
 h - a +0 dagger
 m - the +8 mace "Ycheubyby" (weapon) {vorpal, rElec rC++ Int+4 Dex+4}
   (You found it on level 2 of the Dungeon)

   It inflicts extra damage upon your enemies.
   Int:       It affects your intelligence (+4).
   Dex:       It affects your dexterity (+4).
   rC:        It greatly protects you from cold.
   rElec:     It insulates you from electricity.
 y - a +1 flail of protection
Missiles
 k - 14 poisoned darts
 l - 2 boomerangs of dispersal
 u - 5 boomerangs
Armour
 a - a +0 robe (worn)
 c - a +2 helmet
 d - a +0 pair of gloves (worn)
 j - a +0 kite shield
Jewellery
 n - a ring of resist corrosion (right hand)
 r - a +6 ring of dexterity (left hand)
 t - a ring of resist corrosion
 x - a ring of protection from cold
 C - a ring of protection from cold
Wands
 q - a wand of flame (67)
Scrolls
 g - a scroll of enchant weapon
 i - 2 scrolls of amnesia
 o - 2 scrolls of vulnerability
 p - a scroll of teleportation
 s - 2 scrolls of summoning
 v - a scroll of fog
 z - a scroll of silence {unknown}
 G - a scroll of blinking
Potions
 b - a potion of ambrosia
 e - a potion of resistance
 f - 8 potions of curing
 w - 2 potions of haste
 B - 2 potions of brilliance
 D - 2 potions of magic


   Skills:
 * Level 5.5 Fighting
 + Level 5.9 Maces & Flails
 + Level 4.1 Dodging
 - Level 1.7 Stealth
 * Level 5.2 Spellcasting
 * Level 10.0 Ice Magic


You had 7 spell levels left.
You knew the following spells:

 Your Spells              Type           Power      Damage    Failure   Level
a - Freeze                Ice            100%       1d11      1%          1
b - Frozen Ramparts       Ice            100%       1d12      1%          3
c - Ozocubu's Armour      Ice            51%        N/A       1%          3
d - Hailstorm             Conj/Ice       29%        3d8       12%         4
e - Pain                  Necr           24%        1d5       10%         1

Your spell library contained the following spells:

 Spells                   Type           Power      Damage    Failure   Level
 Ice Form                 Ice/Tmut       29%        N/A       12%         4
 Static Discharge         Conj/Air       6%         N/A       14%         2
 Sublimation of Blood     Necr           6%         N/A       14%         2
 Summon Guardian Golem    Hex/Summ       6%         N/A       28%         3
 Petrify                  Tmut/Erth      6%         N/A       67%         4
 Simulacrum               Ice/Necr       14%        N/A       87%         6
 Agony                    Necr           6%         N/A       95%         5
 Excruciating Wounds      Necr           3%         N/A       95%         5
 Irradiate                Conj/Tmut      3%         3d14      95%         5
 Lightning Bolt           Conj/Air       3%         1d14      95%         5
 Orb of Destruction       Conj           3%         9d5       100%        7
 Spellforged Servitor     Conj/Summ      3%         N/A       100%        7
 Maxwell's Capacitive Co  Air            3%         ∞         100%        8
 Chain Lightning          Conj/Air       3%         3d4       100%        9
 Fire Storm               Conj/Fire      3%         8d1       100%        9
 Shatter                  Erth           3%         3d7*      100%        9


Dungeon Overview and Level Annotations

Branches:
Dungeon (8/15)             Temple (1/1) D:5            Lair (0/6) D:8

Altars:
Ashenzari
Cheibriados
Dithmenos
Elyvilon
Fedhas
Gozag
Hepliaklqana
Kikubaaqudgha
Makhleb
Nemelex Xobeh
Okawaru
Qazlal
Ru
Sif Muna
Trog
Uskayaw
Vehumet
Wu Jian
Xom
Yredelemnul
Zin
The Shining One

Shops:
D:2 (   D:6 [

Annotations:
D:8 3 runed translucent doors, joshe's ghost, journeyman DENe


Innate Abilities, Weirdness & Mutations

You are completely covered in slimy green scales. (AC +4, rPois)
A weak demonic guardian rushes to your aid.
A meltable icy envelope protects you from harm. (AC +0)
A meltable shield of frost defends you. (SH +0)
You have a small tail.
You have a pair of small horns on your head.
You tend to lose your temper in combat.
You occasionally shout uncontrollably at your foes.
Your muscles are strong. (Str +2)


Message History

The sticky flame misses you.
The deep elf pyromancer casts a spell at you.
The sticky flame misses you.
Unknown command.
You hit the deep elf pyromancer.
You headbutt the deep elf pyromancer, but do no damage.
You tail-slap the deep elf pyromancer, but do no damage.
The deep elf pyromancer is moderately wounded.
The deep elf pyromancer gestures wildly while chanting.
The deep elf pyromancer blinks!
The deep elf pyromancer casts a spell at you.
The sticky flame hits you!
Your icy defenses dissipate!
You are covered in liquid flames!
Casting: Ozocubu's Armour (safe; 1% risk of failure)
Confirm with . or Enter, or press ? or * to list all spells.
Casting: Frozen Ramparts (safe; 1% risk of failure)
Press: ? - help, Dir - look around, f - activate The walls around you are covered in ice.
You are covered in liquid flames!
The wall freezes the deep elf pyromancer!
The deep elf pyromancer gestures at you while chanting.
The bolt of fire hits you!!
You hit the deep elf pyromancer.
Your headbutt misses the deep elf pyromancer.
You tail-slap the deep elf pyromancer, but do no damage.
The deep elf pyromancer is severely wounded.
You are covered in liquid flames!
The wall freezes the deep elf pyromancer!
The deep elf pyromancer points at you and mumbles some strange words.
The bolt of fire hits you!!
* * * LOW HITPOINT WARNING * * *
A demonic guardian appears!
You hit the deep elf pyromancer but do no damage.
You headbutt the deep elf pyromancer, but do no damage.
You tail-slap the deep elf pyromancer, but do no damage.
You punch the deep elf pyromancer, but do no damage.
The deep elf pyromancer is almost dead.
You are covered in liquid flames!
You die...

.# .# .^. .# ... .# ..
############## ..
.............# .# #
###.########.# .#.#.# #
#.# #####.######.....#
###.## #.......e@....#
.#...###.###....5......#
.........#
##########.....
.#...##### #### #...##
#.### #.# #.# #.#


You could see a deep elf pyromancer (ally target) and a friendly iron imp
(summoned).

Vanquished Creatures
  Joseph (D:7)
  A komodo dragon (D:8)
  A troll (D:6)
  A wyvern (D:5)
  A yak (D:5)
  2 orc warriors
  3 black bears
  A sky beast (D:8)
  5 ogres
  3 necrophages
  A phantom (D:4)
  2 centaurs
  A bullfrog (D:7)
  3 scorpions
  2 water moccasin skeletons
  5 killer bees (D:7)
  4 wights
  8 howler monkeys
  A bullfrog zombie (D:6)
  4 hounds
  2 orc priests
  A centaur skeleton (D:4)
  2 jellies
  3 gnoll shamans (D:4)
  2 iguanas
  Jessica (D:2)
  4 orc wizards
  A scorpion zombie (D:5)
  20 gnolls (D:4)
  6 adders
  A shadow imp (D:5)
  A white imp (D:5)
  6 ufetubi
  A worm (D:3)
  A dart slug (D:2)
  27 orcs
  6 ball pythons
  6 bats
  8 endoplasms
  5 giant cockroaches
  5 hobgoblins
  13 jackals (D:4)
  3 quokkas
  6 frilled lizards
  6 goblins
  12 kobolds
  8 rats
  A spectral kobold (D:7)
208 creatures vanquished.

Vanquished Creatures (collateral kills)
  An orc wizard (D:4)
  A gnoll (D:4)
  2 orcs (D:4)
4 creatures vanquished.

Vanquished Creatures (others)
  15 plants
15 creatures vanquished.

Grand Total: 227 creatures vanquished

Notes
Turn   | Place    | Note
-------+----------+-------------------------------------------
     0 | D:1      | Icepheonix32 the Demonspawn Ice Elementalist began the
                  | quest for the Orb.
     0 | D:1      | Reached XP level 1. HP: 13/13 MP: 3/3
   514 | D:1      | Reached skill level 4 in Ice Magic
   514 | D:1      | Gained mutation: You have a small tail. [demonic ancestry]
   514 | D:1      | Reached XP level 2. HP: 12/19 MP: 1/5
   694 | D:1      | Found a faded altar of an unknown god.
  1386 | D:2      | Gained mutation: You are partially covered in slimy green
                  | scales. (AC +2) [demonic ancestry]
  1386 | D:2      | Reached XP level 3. HP: 23/25 MP: 1/6
  1943 | D:2      | Found Dunuweaz's Weapon Boutique.
  1944 | D:2      | Identified the +8 mace "Ycheubyby" {vorpal, rElec rC++
                  | Int+4 Dex+4}
  2029 | D:2      | Noticed Jessica
  2035 | D:2      | Killed Jessica
  2036 | D:2      | Reached skill level 5 in Ice Magic
  2036 | D:2      | Reached XP level 4. HP: 21/31 MP: 3/7
  2363 | D:2      | Learned a level 3 spell: Frozen Ramparts
  2367 | D:2      | Learned a level 3 spell: Ozocubu's Armour
  2391 | D:3      | You fall into a shaft and drop 2 floors!
  2391 | D:5      | Entered Level 5 of the Dungeon
  2395 | D:5      | Noticed a black bear
  2395 | D:5      | Noticed a yak
  2406 | D:5      | Reached skill level 1 in Fighting
  2421 | D:5      | Gained mutation: Your muscles are strong. (Str +2) [potion
                  | of mutation]
  2421 | D:5      | Gained mutation: You occasionally shout uncontrollably at
                  | your foes. [potion of mutation]
  2421 | D:5      | Gained mutation: You tend to lose your temper in combat.
                  | [potion of mutation]
  2421 | D:5      | Gained mutation: You have a pair of small horns on your
                  | head. [potion of mutation]
  2424 | D:5      | Killed a yak
  2425 | D:5      | Reached skill level 6 in Ice Magic
  2425 | D:5      | Gained mutation: A meltable shield of frost defends you.
                  | (SH +0) [demonic ancestry]
  2425 | D:5      | Reached XP level 5. HP: 22/38 MP: 0/8
  2430 | D:5      | Reached XP level 6. HP: 10/41 MP: 1/9
  2772 | D:5      | Noticed a wyvern
  2793 | D:5      | Killed a wyvern
  2794 | D:5      | Reached skill level 1 in Maces & Flails
  2794 | D:5      | Reached skill level 7 in Ice Magic
  2794 | D:5      | Gained mutation: A weak demonic guardian rushes to your
                  | aid. [demonic ancestry]
  2794 | D:5      | Reached XP level 7. HP: 12/50 MP: 6/10
  3033 | D:5      | Found a staircase to the Ecumenical Temple.
  3260 | Temple   | Entered the Ecumenical Temple
  3960 | D:4      | Found an iron altar of Okawaru.
  4133 | D:4      | Reached skill level 8 in Ice Magic
  4251 | D:4      | Noticed a two-headed ogre
  4285 | D:4      | Found a shimmering altar of Xom.
  4356 | D:4      | Gained mutation: You are mostly covered in slimy green
                  | scales. (AC +3) [demonic ancestry]
  4356 | D:4      | Reached XP level 8. HP: 48/57 MP: 11/11
  5908 | D:3      | Learned a level 4 spell: Hailstorm
  5910 | D:3      | Learned a level 1 spell: Pain
  6719 | D:5      | Reached skill level 9 in Ice Magic
  7294 | D:5      | Found a hide-covered altar of Uskayaw.
  7506 | D:6      | Gained mutation: You are completely covered in slimy green
                  | scales. (AC +4, rPois) [demonic ancestry]
  7506 | D:6      | Reached XP level 9. HP: 65/65 MP: 13/13
  7568 | D:6      | Found Jinuargh's Antique Armour Shop.
  8132 | D:6      | Noticed a troll
  8140 | D:6      | Killed a troll
  8504 | D:7      | Reached skill level 5 in Maces & Flails
  8583 | D:7      | Found a broken altar of Ashenzari.
  8835 | D:7      | Reached skill level 5 in Fighting
  9154 | D:7      | Found a sparkling altar of Nemelex Xobeh.
  9302 | D:7      | Found a stormy altar of Qazlal.
  9349 | D:7      | Noticed Joseph
  9362 | D:7      | Killed Joseph
  9363 | D:7      | Gained mutation: A meltable icy envelope protects you from
                  | harm. (AC +0) [demonic ancestry]
  9363 | D:7      | Reached XP level 10. HP: 38/74 MP: 13/17
  9668 | D:7      | Found a hazy altar of Hepliaklqana.
  9684 | D:7      | Became a worshipper of Hepliaklqana the Forgotten
  9966 | D:8      | Reached skill level 5 in Spellcasting
 10060 | D:8      | Found a staircase to the Lair.
 10080 | D:8      | Reached skill level 10 in Ice Magic
 10178 | D:8      | Found a runed translucent gate.
 10178 | D:8      | Found a runed translucent gate.
 10178 | D:8      | Found a runed translucent gate.
 10221 | D:8      | Noticed a nine-headed hydra
 10223 | D:8      | Noticed joshe's ghost (journeyman DENe)
 10224 | D:8      | Noticed an 11-headed hydra
 10384 | D:8      | Noticed a deep elf pyromancer
 10394 | D:8      | HP: 2/74 [deep elf pyromancer/bolt of fire (29)]
 10395 | D:8      | Incinerated by a deep elf pyromancer

Illustrated notes

Levels and vault maps discovered:
D:1:      erik_arrival_cave_to_civilisation [erik_arrival_cave_to_hall],
          layout_basic, shapermc_ecumenical_altar_gd, solitary_fountain
D:2:      layout_basic, serial_shops, shop, uniq_jessica
D:3:      layout_rooms, lexackson_kobold_supper
D:4:      lemuel_castle_with_subvaults [lemuel_castle_interior_carwin_2],
          layout_loops_cross, okawaru_gym_becter,
          gammafunk_temple_overflow_elements, chequers_serial_rivers_micro_c,
          lightli_corner_chamber
D:5:      layout_basic, nicolae_uskayaw_suspiria, minmay_temple_entry_overgrown,
          chequers_serial_rivers_micro_a, minmay_chambers_of_fives
D:6:      layout_loops_corners, serial_shops, shop
D:7:      layout_basic, nicolae_hepliaklqana_monster_ancestors,
          kennysheep_little_box, nicolae_ashenzari_panopticon, tso_metal_star,
          mainiacjoe_overflow_surrounded_room, uniq_joseph
D:8:      layout_loops_ring, david_lair_shrubbed, gammafunk_ghost_hydra_chop,
          uniq_maurice
Temple:   nicolae_temple_figure_eight

Skill      XL: |  1  2  3  4  5  6  7  8  9 10 |
---------------+-------------------------------+-----
Ice Magic      | 4 5 6 7 8 9 10 | 10.0
Fighting       | 2 4 5 |  5.5
Maces & Flails | 1 2 4 5 |  5.9
Dodging        | 2 3 4 |  4.1
Spellcasting   | 3 4 5 |  5.2
Stealth        | |  1.7

Action                   |  1- 3 |  4- 6 |  7- 9 | 10-12 || total
-------------------------+-------+-------+-------+-------++-------
Melee: Unarmed           |     2 |       |       |       ||     2
       Dagger            |    28 |       |       |       ||    28
       Tailslap          |     3 |     6 |    30 |    10 ||    49
       Mace              |       |    24 |   264 |    49 ||   337
       Headbutt          |       |     7 |    47 |    13 ||    67
       Punch             |       |       |     1 |     2 ||     3
Throw: Dart              |       |       |    10 |       ||    10
       Boomerang         |       |       |     2 |       ||     2
 Cast: Freeze            |    50 |     2 |       |       ||    52
       Frozen Ramparts   |       |     3 |    18 |     5 ||    26
       Ozocubu's Armour  |       |     3 |    24 |     6 ||    33
  Use: Scroll            |     2 |       |    11 |       ||    13
       Potion            |       |     3 |     5 |       ||     8
 Stab: Sleeping          |     5 |     1 |     9 |     1 ||    16
Armor: Robe              |    12 |    11 |    75 |    29 ||   127
Dodge: Dodged            |    43 |    17 |   171 |    35 ||   266
Block: Other             |       |     3 |    44 |    15 ||    62
